WCHLSIM.com - West Coast Hockey League
html PUBLIC "-//W3C//DTD XHTML 1.0 Transitional//EN" "http://www.w3.org/TR/xhtml1/DTD/xhtml1-transitional.dtd"> WCHL - Game 661 - CALGARY FIREMEN vs OKANAGAN RATTLESNAKES

CALGARY FIREMEN vs OKANAGAN RATTLESNAKES

Created - 15 janvier 2024 at 11:19

Goals
1 2 3 T
CALGARY FIREMEN 1 1 1 3
OKANAGAN RATTLESNAKES 3 2 1 6
Shots
1 2 3 T
CALGARY FIREMEN 8 8 16 32
OKANAGAN RATTLESNAKES 12 10 7 29

1st period

1. OKANAGAN RATTLESNAKES , Colton Parayko 6 (Anders Lee 22, T.J. Oshie 18) at 0:29 (PP)
2. OKANAGAN RATTLESNAKES , T.J. Oshie 15 (Jujhar Khaira 7, Colton Parayko 13) at 1:24
3. CALGARY FIREMEN , Ryan Johansen 9 (Mason Marchment 12, Jordan Oesterle 1) at 9:31
4. OKANAGAN RATTLESNAKES , Casey Cizikas 4 (Stefan Noesen 8) at 16:14

Penalties :
Michael McCarron (CGY) for Holding (Minor) at 0:17, Esa Lindell (OKA) for Holding Stick (Minor) at 1:18, Yakov Trenin (CGY) for Hooking (Minor) at 1:18

2nd period

5. OKANAGAN RATTLESNAKES , T.J. Oshie 16 (Anders Lee 23, Jujhar Khaira 8) at 1:17
6. CALGARY FIREMEN , Ryan Johansen 10 (Mason Marchment 13, Nikita Zadorov 5) at 10:17
7. OKANAGAN RATTLESNAKES , Anders Lee 23 (T.J. Oshie 19, Colton Parayko 14) at 18:34

Penalties :
Andrej Sustr (CGY) for Slashing (Minor) at 6:49, Oskar Sundqvist (OKA) for Holding (Minor) at 14:10

3rd period

8. CALGARY FIREMEN , Sonny Milano 5 (Yakov Trenin 11, Michael McCarron 4) at 5:02
9. OKANAGAN RATTLESNAKES , Anders Lee 24 (Jujhar Khaira 9) at 5:29 (PP)

Penalties :
Brett Howden (CGY) for Hooking (Minor) at 5:25, Esa Lindell (OKA) for Tripping (Minor) at 6:12, Blake Coleman (OKA) for Interference (Minor) at 13:42

Goalie Stats

Kevin Poulin (CGY), 13 saves from 15 shots - (0,867), 38:43 minutes
Samuel Ersson (CGY), 10 saves from 14 shots - (0,714), L, 2-9-2, 21:17 minutes
James Reimer (OKA), 29 saves from 32 shots - (0,906), W, 13-20-5, 60:00 minutes

Players Stats for CALGARY FIREMEN

Player Name              G  A  P  +/- PIM S  H  SB GA TA FO     MP     PP MP  PK MP  
------------------------------------------------------------------------------------
Andrej Sustr             0  0  0   1  2   0  4  0  0  0  0/0    15:52   0:00   0:00 
Brett Howden             0  0  0  -1  2   1  1  0  0  0  3/5     8:13   0:00   0:00 
Colton White             0  0  0   1  0   1  0  1  0  0  0/0    16:17   0:38   0:00 
Fabian Zetterlund        0  0  0  -1  0   0  0  0  0  0  0/0     8:14   0:00   0:00 
Filip Forsberg           0  0  0  -4  0   8  0  0  0  0  7/31   27:21   2:12   1:23 
Jake McCabe              0  0  0  -3  0   0  1  0  0  0  0/0    22:47   2:55   1:11 
Jakob Silfverberg        0  0  0  -2  0   0  1  0  0  0  2/2    18:27   2:12   0:52 
Jamie Oleksiak           0  0  0  -3  0   2  3  3  0  0  0/0    22:47   2:55   1:11 
Jordan Oesterle          0  1  1   1  0   0  1  0  0  0  0/0    20:42   2:24   1:04 
Mason Marchment          0  2  2   2  0   4  1  0  0  0  1/2    17:14   3:45   0:00 
Mattias Janmark-Nylen    0  0  0  -2  0   3  0  0  0  0  0/0    18:27   2:12   0:52 
Michael McCarron         0  1  1   1  2   0  1  0  0  0  1/2    13:37   0:00   0:00 
Nikita Zadorov           0  1  1   1  0   1  2  0  0  0  0/0    21:20   3:02   1:04 
Olli Maatta              0  0  0   0  0   0  0  0  0  0  0/0     0:14   0:00   0:00 
Oskar Lindblom           0  0  0   2  0   1  1  0  0  0  0/2    17:14   3:45   0:00 
Ryan Johansen            2  0  2   1  0   6  0  0  0  0  13/19  19:41   3:45   1:23 
Sonny Milano             1  0  1   1  0   3  0  0  0  0  1/1    13:38   0:00   0:00 
Yakov Trenin             0  1  1   1  2   2  1  1  0  0  2/16   13:37   0:00   0:00 

Players Stats for OKANAGAN RATTLESNAKES

Player Name              G  A  P  +/- PIM S  H  SB GA TA FO     MP     PP MP  PK MP  
------------------------------------------------------------------------------------
Anders Lee               2  2  4   2  0   3  0  0  0  0  0/2    21:25   1:36   2:30 
Arber Xhekaj             0  0  0  -2  0   0  4  1  0  0  0/0    16:10   0:00   0:00 
Blake Coleman            0  0  0  -2  2   0  0  1  0  0  0/0    15:59   0:39   0:00 
Casey Cizikas            1  0  1   0  0   2  2  0  0  0  9/19   14:35   0:37   3:37 
Colton Parayko           1  2  3   3  0   1  3  0  0  0  0/0    25:00   1:36   3:21 
Esa Lindell              0  0  0   2  4   1  2  0  0  0  0/0    22:41   1:36   2:16 
Jeremy Lauzon            0  0  0   1  0   0  5  3  0  0  0/0    20:02   0:39   2:36 
Jordie Benn              0  0  0  -3  0   0  2  0  0  0  0/0    15:54   0:00   0:56 
Josh Manson              0  0  0   1  0   0  2  1  0  0  0/0    20:11   0:39   2:45 
Jujhar Khaira            0  3  3   3  0   2  1  0  0  0  20/28  18:43   0:59   0:00 
Kevin Labanc             0  0  0   0  0   2  0  0  0  0  0/0    10:21   0:00   0:00 
Lars Eller               0  0  0  -2  0   3  2  0  0  0  14/18  19:07   0:39   2:20 
Mike Hoffman             0  0  0  -2  0   4  0  0  0  0  2/2    16:00   0:39   0:00 
Nazem Kadri              0  0  0   0  0   1  1  1  0  0  0/0     7:35   0:00   0:00 
Oskar Sundqvist          0  0  0   0  2   0  0  0  0  0  1/7     7:52   0:00   0:18 
Pierre-Edouard Bellemare 0  0  0   0  0   0  1  0  0  0  1/1     7:35   0:00   0:00 
Stefan Noesen            0  1  1   0  0   3  0  0  0  0  1/1    10:21   0:00   0:00 
T.J. Oshie               2  2  4   3  0   7  0  0  0  0  2/2    22:29   1:36   3:09 

3 Stars

1 - T.J. Oshie (OKA)
2 - Anders Lee (OKA)
3 - Colton Parayko (OKA)

Power Play

CALGARY FIREMEN - 0 on 3 Attempt(s) - 0,00%
OKANAGAN RATTLESNAKES - 2 on 3 Attempt(s) - 66,67%

Penalty Kill

CALGARY FIREMEN - 1 on 3 Attempt(s) - 33,33% - Score 0 goal in Penalty Kill
OKANAGAN RATTLESNAKES - 3 on 3 Attempt(s) - 100,00% - Score 0 goal in Penalty Kill

Team Stat

CALGARY FIREMEN - Hits : 17 - Faceoff Wins : 30 - Blocked Shots : 5 - Penalty Minutes : 8
OKANAGAN RATTLESNAKES - Hits : 25 - Faceoff Wins : 50 - Blocked Shots : 7 - Penalty Minutes : 8

Official

Referees : Chris Rooney and Troy Paterson
Linesman : Pierre Racicot and Justin Cornell

Game Notes

Kevin Poulin enters game at 1:17 of 2nd period

Finance

Level 1 -- Attendance: 4439 (73,98%) -- Ticket Income 887 800 $
Level 2 -- Attendance: 4724 (94,48%) -- Ticket Income 590 500 $
Level 3 -- Attendance: 1794 (89,70%) -- Ticket Income 195 546 $
Level 4 -- Attendance: 3947 (98,68%) -- Ticket Income 272 343 $
Luxury Box -- Attendance: 1000 (100,00%) -- Ticket Income 300 000 $
Total Attendance: 15904 (88,36%)
Total Ticket Income: 2 246 189 $
Other Expense: 22 462 $
Total Income: 2 223 727 $

CALGARY FIREMEN

5 vs 5 Forward 
   Center                   Left Wing                Right Wing               Time % Phy DF OF 
 1 Filip Forsberg           Jakob Silfverberg        Mattias Janmark-Nylen    34     1   2  2  
 2 Ryan Johansen            Mason Marchment          Oskar Lindblom           31     1   2  2  
 3 Yakov Trenin             Sonny Milano             Michael McCarron         25     1   2  2  
 4 Brett Howden             Fabian Zetterlund        Filip Forsberg           10     1   2  2  

5 vs 5 Defense 
   Defense                  Defense                                           Time % Phy DF OF 
 1 Jamie Oleksiak           Jake McCabe                                       34     1   2  2  
 2 Nikita Zadorov           Jordan Oesterle                                   31     1   2  2  
 3 Colton White             Andrej Sustr                                      25     1   2  2  
 4 Jamie Oleksiak           Jake McCabe                                       10     1   2  2  

PowerPlay Forward 
   Center                   Left Wing                Right Wing               Time % Phy DF OF 
 1 Filip Forsberg           Jakob Silfverberg        Mattias Janmark-Nylen    55     1   2  2  
 2 Ryan Johansen            Mason Marchment          Oskar Lindblom           45     1   2  2  

PowerPlay Defense
   Defense                  Defense                                           Time % Phy DF OF 
 1 Jamie Oleksiak           Jake McCabe                                       55     1   2  2  
 2 Nikita Zadorov           Jordan Oesterle                                   45     1   2  2  

Penalty Kill 4 Players Forward 
   Center                   Wing                     Time % Phy DF OF 
 1 Filip Forsberg           Ryan Johansen            55     1   2  2  
 2 Jakob Silfverberg        Mattias Janmark-Nylen    45     1   2  2  

Penalty Kill 4 Players Defense
   Defense                  Defense                  Time % Phy DF OF 
 1 Jamie Oleksiak           Jake McCabe              55     1   2  2  
 2 Nikita Zadorov           Jordan Oesterle          45     1   2  2  

Penalty Kill - 3 Players Forward 
   Forward                                           Time % Phy DF OF 
 1 Filip Forsberg                                    55     1   2  2  
 2 Ryan Johansen                                     45     1   2  2  

Penalty Kill - 3 Players Defense
   Defense                  Defense                  Time % Phy DF OF 
 1 Jamie Oleksiak           Jake McCabe              55     1   2  2  
 2 Nikita Zadorov           Jordan Oesterle          45     1   2  2  

4 vs 4 Forward 
   Center                   Wing                     Time % Phy DF OF 
 1 Filip Forsberg           Ryan Johansen            55     1   2  2  
 2 Jakob Silfverberg        Mattias Janmark-Nylen    45     1   2  2  

4 vs 4 Defense
   Defense                  Defense                  Time % Phy DF OF 
 1 Jamie Oleksiak           Jake McCabe              55     1   2  2  
 2 Nikita Zadorov           Jordan Oesterle          45     1   2  2  

Last Minutes Offensive
   Center                   Left Wing                Right Wing               Defense                  Defense                  
   Filip Forsberg           Jakob Silfverberg        Mattias Janmark-Nylen    Jamie Oleksiak           Jake McCabe              

Last Minutes Defensive
   Center                   Left Wing                Right Wing               Defense                  Defense                  
   Filip Forsberg           Jakob Silfverberg        Mattias Janmark-Nylen    Jamie Oleksiak           Jake McCabe              

Goaltenders
Starting : Samuel Ersson            
Backup : Kevin Poulin             

Extra Forwards
Normal : Yakov Trenin, Sonny Milano, Brett Howden - PP : Yakov Trenin, Sonny Milano - PK : Brett Howden
Extra Defensemen
Normal : Colton White, Andrej Sustr, Nikita Zadorov - PP : Colton White - PK : Andrej Sustr, Nikita Zadorov
Penalty Shots
Filip Forsberg, Ryan Johansen, Jakob Silfverberg, Mattias Janmark-Nylen, Mason Marchment
Custom OT Lines Forwards
Filip Forsberg, Ryan Johansen, Jakob Silfverberg, Mattias Janmark-Nylen, Mason Marchment, Yakov Trenin, Sonny Milano, Brett Howden, Fabian Zetterlund, Oskar Lindblom
Custom OT Lines Defensemen
Jamie Oleksiak, Jake McCabe, Nikita Zadorov, Jordan Oesterle, Colton White

Scratches
Tyler Tullio (Healthy), Liam Foudy (Broken Bone (Left Leg) Injury), Nathan Smith (Healthy), Santtu Kinnunen (Healthy), Alex Nedeljkovic (Strained Right Elbow Injury)
Garret Sparks (Healthy)

OKANAGAN RATTLESNAKES

5 vs 5 Forward 
   Center                   Left Wing                Right Wing               Time % Phy DF OF 
 1 Jujhar Khaira            Anders Lee               T.J. Oshie               36     1   2  2  
 2 Lars Eller               Mike Hoffman             Blake Coleman            31     1   2  2  
 3 Casey Cizikas            Kevin Labanc             Stefan Noesen            23     1   2  2  
 4 Oskar Sundqvist          Pierre-Edouard Bellemare Nazem Kadri              10     1   2  2  

5 vs 5 Defense 
   Defense                  Defense                                           Time % Phy DF OF 
 1 Colton Parayko           Esa Lindell                                       36     1   2  2  
 2 Josh Manson              Jeremy Lauzon                                     31     1   2  2  
 3 Arber Xhekaj             Jordie Benn                                       23     1   2  2  
 4 Colton Parayko           Esa Lindell                                       10     1   2  2  

PowerPlay Forward 
   Center                   Left Wing                Right Wing               Time % Phy DF OF 
 1 Jujhar Khaira            Anders Lee               T.J. Oshie               55     1   2  2  
 2 Lars Eller               Mike Hoffman             Blake Coleman            45     1   2  2  

PowerPlay Defense
   Defense                  Defense                                           Time % Phy DF OF 
 1 Colton Parayko           Esa Lindell                                       55     1   2  2  
 2 Josh Manson              Jeremy Lauzon                                     45     1   2  2  

Penalty Kill 4 Players Forward 
   Center                   Wing                     Time % Phy DF OF 
 1 Casey Cizikas            T.J. Oshie               55     1   2  2  
 2 Anders Lee               Lars Eller               45     1   2  2  

Penalty Kill 4 Players Defense
   Defense                  Defense                  Time % Phy DF OF 
 1 Colton Parayko           Esa Lindell              55     1   2  2  
 2 Josh Manson              Jeremy Lauzon            45     1   2  2  

Penalty Kill - 3 Players Forward 
   Forward                                           Time % Phy DF OF 
 1 Anders Lee                                        55     1   2  2  
 2 T.J. Oshie                                        45     1   2  2  

Penalty Kill - 3 Players Defense
   Defense                  Defense                  Time % Phy DF OF 
 1 Colton Parayko           Jordie Benn              55     1   2  2  
 2 Josh Manson              Jeremy Lauzon            45     1   2  2  

4 vs 4 Forward 
   Center                   Wing                     Time % Phy DF OF 
 1 Jujhar Khaira            T.J. Oshie               55     1   2  2  
 2 Anders Lee               Lars Eller               45     1   2  2  

4 vs 4 Defense
   Defense                  Defense                  Time % Phy DF OF 
 1 Colton Parayko           Arber Xhekaj             55     1   2  2  
 2 Josh Manson              Jeremy Lauzon            45     1   2  2  

Last Minutes Offensive
   Center                   Left Wing                Right Wing               Defense                  Defense                  
   Jujhar Khaira            Anders Lee               T.J. Oshie               Colton Parayko           Esa Lindell              

Last Minutes Defensive
   Center                   Left Wing                Right Wing               Defense                  Defense                  
   Jujhar Khaira            Anders Lee               T.J. Oshie               Colton Parayko           Esa Lindell              

Goaltenders
Starting : James Reimer             
Backup : Jack Campbell            

Extra Forwards
Normal : Jujhar Khaira, Casey Cizikas, Oskar Sundqvist - PP : Jujhar Khaira, Casey Cizikas - PK : Oskar Sundqvist
Extra Defensemen
Normal : Arber Xhekaj, Jordie Benn, Josh Manson - PP : Arber Xhekaj - PK : Jordie Benn, Josh Manson
Penalty Shots
Oskar Sundqvist, T.J. Oshie, Anders Lee, Lars Eller, Casey Cizikas
Custom OT Lines Forwards
Jujhar Khaira, T.J. Oshie, Anders Lee, Lars Eller, Casey Cizikas, Mike Hoffman, Blake Coleman, Oskar Sundqvist, Kevin Labanc, Pierre-Edouard Bellemare
Custom OT Lines Defensemen
Colton Parayko, Esa Lindell, Josh Manson, Jeremy Lauzon, Arber Xhekaj

Scratches
Austin Osmanski (Healthy), Adam Clendening (Healthy), Colin White (Healthy), Spencer Martin (Healthy)

% Time on Ice - CALGARY FIREMEN

Lines # - Real PCT - Wanted PCT - Time Play
Normal Forward
1 - 29% - 34% - 14:28
2 - 27% - 31% - 13:29
3 - 27% - 25% - 13:38
4 - 17% - 10% - 8:14
Normal Defense
1 - 32% - 34% - 16:04
2 - 33% - 31% - 16:19
3 - 32% - 25% - 15:53
4 - 3% - 10% - 1:33
PP Forward
1 - 37% - 55% - 2:12
2 - 63% - 45% - 3:45
PP Defense
1 - 49% - 55% - 2:55
2 - 51% - 45% - 3:02
PK Forward
1 - 61% - 55% - 1:23
2 - 39% - 45% - 0:52
PK Defense
1 - 53% - 55% - 1:11
2 - 47% - 45% - 1:04
PK3 Forward
1 - 0% - 55%
2 - 0% - 45%
PK3 Defense
1 - 0% - 55%
2 - 0% - 45%
44 Forward
1 - 54% - 55% - 1:04
2 - 46% - 45% - 0:55
44 Defense
1 - 54% - 55% - 1:04
2 - 46% - 45% - 0:55
Last Minute Offensive  - 0:00
Last Minute Defensive  - 0:00
Total
Forward - 60:00
Defense - 60:00

% Time on Ice - OKANAGAN RATTLESNAKES

Lines # - Real PCT - Wanted PCT - Time Play
Normal Forward
1 - 33% - 36% - 16:32
2 - 31% - 31% - 15:21
3 - 21% - 23% - 10:21
4 - 15% - 10% - 7:35
Normal Defense
1 - 34% - 36% - 17:08
2 - 32% - 31% - 16:00
3 - 30% - 23% - 14:58
4 - 3% - 10% - 1:43
PP Forward
1 - 71% - 55% - 1:36
2 - 29% - 45% - 0:39
PP Defense
1 - 71% - 55% - 1:36
2 - 29% - 45% - 0:39
PK Forward
1 - 61% - 55% - 3:37
2 - 39% - 45% - 2:20
PK Defense
1 - 56% - 55% - 3:21
2 - 44% - 45% - 2:36
PK3 Forward
1 - 0% - 55%
2 - 0% - 45%
PK3 Defense
1 - 0% - 55%
2 - 0% - 45%
44 Forward
1 - 61% - 55% - 1:12
2 - 39% - 45% - 0:47
44 Defense
1 - 61% - 55% - 1:12
2 - 39% - 45% - 0:47
Last Minute Offensive  - 0:00
Last Minute Defensive  - 0:00
Total
Forward - 60:00
Defense - 60:00

Play-by-Play

1st period


0:01 of 1st period - Filip Forsberg wins face-off versus Jujhar Khaira in neutral zone.
0:03 of 1st period - Off-side.
0:04 of 1st period - Lars Eller wins face-off versus Ryan Johansen in neutral zone.
0:06 of 1st period - Off-side.
0:07 of 1st period - Michael McCarron wins face-off versus Casey Cizikas in neutral zone.
0:17 of 1st period - Minor Penalty to Michael McCarron for Holding.
0:18 of 1st period - Jujhar Khaira wins face-off versus Filip Forsberg in CALGARY FIREMEN zone.
0:29 of 1st period - Shot by Colton Parayko.
0:29 of 1st period - Goal by Colton Parayko - CALGARY FIREMEN : 0 - OKANAGAN RATTLESNAKES : 1.
0:30 of 1st period - Mike Hoffman wins face-off versus Filip Forsberg in neutral zone.
0:33 of 1st period - Shot by Lars Eller.
0:33 of 1st period - Stopped by Samuel Ersson without a rebound.
0:34 of 1st period - Ryan Johansen wins face-off versus Jujhar Khaira in CALGARY FIREMEN zone.
0:47 of 1st period - Shot by Mason Marchment.
0:47 of 1st period - Shot Misses the Net.
0:49 of 1st period - Shot by Jamie Oleksiak.
0:49 of 1st period - Stopped by James Reimer without a rebound.
0:50 of 1st period - Lars Eller wins face-off versus Filip Forsberg in OKANAGAN RATTLESNAKES zone.
0:50 of 1st period - Josh Manson is hit by Jakob Silfverberg and loses puck.
1:16 of 1st period - Shot by Filip Forsberg.
1:16 of 1st period - Stopped by James Reimer without a rebound.
1:17 of 1st period - T.J. Oshie wins face-off versus Yakov Trenin in OKANAGAN RATTLESNAKES zone.
1:17 of 1st period - T.J. Oshie is hit by Yakov Trenin.
1:18 of 1st period - Minor Penalty to Esa Lindell for Holding Stick.
1:18 of 1st period - Minor Penalty to Yakov Trenin for Hooking.
1:19 of 1st period - Jujhar Khaira wins face-off versus Filip Forsberg in OKANAGAN RATTLESNAKES zone.
1:24 of 1st period - Shot by T.J. Oshie.
1:24 of 1st period - Goal by T.J. Oshie - CALGARY FIREMEN : 0 - OKANAGAN RATTLESNAKES : 2.
1:25 of 1st period - Jujhar Khaira wins face-off versus Filip Forsberg in neutral zone.
1:41 of 1st period - T.J. Oshie is hit by Jamie Oleksiak and loses puck.
1:50 of 1st period - Shot by T.J. Oshie.
1:50 of 1st period - Shot Misses the Net.
1:52 of 1st period - Shot by T.J. Oshie.
1:52 of 1st period - Stopped by Samuel Ersson without a rebound.
1:53 of 1st period - Jakob Silfverberg wins face-off versus Anders Lee in CALGARY FIREMEN zone.
1:57 of 1st period - Mattias Janmark-Nylen is hit by Jeremy Lauzon and loses puck.
2:06 of 1st period - Jakob Silfverberg is hit by Lars Eller and loses puck.
2:23 of 1st period - Shot by Anders Lee.
2:23 of 1st period - Shot Misses the Net.
2:53 of 1st period - Shot by T.J. Oshie.
2:53 of 1st period - Stopped by Samuel Ersson with a rebound.
5:07 of 1st period - Shot by Mattias Janmark-Nylen.
5:07 of 1st period - Stopped by James Reimer with a rebound.
5:14 of 1st period - Icing by Josh Manson.
5:15 of 1st period - Brett Howden wins face-off versus Jujhar Khaira in OKANAGAN RATTLESNAKES zone.
6:38 of 1st period - Shot by Nazem Kadri.
6:38 of 1st period - Shot Misses the Net.
6:52 of 1st period - Shot by Oskar Sundqvist.
6:52 of 1st period - Shot Misses the Net.
7:23 of 1st period - Shot by Ryan Johansen.
7:23 of 1st period - Shot Misses the Net.
7:25 of 1st period - Shot by Jake McCabe.
7:25 of 1st period - Shot Misses the Net.
8:07 of 1st period - Shot by Mattias Janmark-Nylen.
8:07 of 1st period - Shot Blocked by Jeremy Lauzon.
8:15 of 1st period - Shot by Filip Forsberg.
8:15 of 1st period - Stopped by James Reimer without a rebound.
8:16 of 1st period - Jujhar Khaira wins face-off versus Filip Forsberg in OKANAGAN RATTLESNAKES zone.
8:27 of 1st period - Shot by Anders Lee.
8:27 of 1st period - Stopped by Samuel Ersson without a rebound.
8:28 of 1st period - Filip Forsberg wins face-off versus Lars Eller in CALGARY FIREMEN zone.
8:33 of 1st period - Shot by Filip Forsberg.
8:33 of 1st period - Stopped by James Reimer with a rebound.
8:38 of 1st period - Jakob Silfverberg is hit by Arber Xhekaj and loses puck.
9:19 of 1st period - Shot by Ryan Johansen.
9:19 of 1st period - Shot Misses the Net.
9:31 of 1st period - Shot by Ryan Johansen.
9:31 of 1st period - Goal by Ryan Johansen - CALGARY FIREMEN : 1 - OKANAGAN RATTLESNAKES : 2.
9:32 of 1st period - Jujhar Khaira wins face-off versus Yakov Trenin in neutral zone.
10:00 of 1st period - Off-side.
10:01 of 1st period - Stefan Noesen wins face-off versus Filip Forsberg in neutral zone.
10:23 of 1st period - Shot by Stefan Noesen.
10:23 of 1st period - Stopped by Samuel Ersson without a rebound.
10:24 of 1st period - Ryan Johansen wins face-off versus Jujhar Khaira in CALGARY FIREMEN zone.
10:24 of 1st period - Ryan Johansen is hit by Jujhar Khaira.
11:21 of 1st period - Shot by Blake Coleman.
11:21 of 1st period - Shot Misses the Net.
11:23 of 1st period - Shot by Esa Lindell.
11:23 of 1st period - Shot Blocked by Jamie Oleksiak.
12:59 of 1st period - Michael McCarron is hit by Jordie Benn.
13:04 of 1st period - Yakov Trenin is hit by Arber Xhekaj and loses puck.
13:09 of 1st period - Shot by Yakov Trenin.
13:09 of 1st period - Stopped by James Reimer without a rebound.
13:10 of 1st period - Brett Howden wins face-off versus Oskar Sundqvist in OKANAGAN RATTLESNAKES zone.
13:15 of 1st period - Shot by Filip Forsberg.
13:15 of 1st period - Shot Misses the Net.
13:25 of 1st period - Shot by Filip Forsberg.
13:25 of 1st period - Shot Blocked by Nazem Kadri.
14:35 of 1st period - Shot by Sonny Milano.
14:35 of 1st period - Shot Blocked by Blake Coleman.
14:38 of 1st period - Icing by Arber Xhekaj.
14:39 of 1st period - Lars Eller wins face-off versus Mason Marchment in OKANAGAN RATTLESNAKES zone.
14:43 of 1st period - Off-side.
14:44 of 1st period - Ryan Johansen wins face-off versus Lars Eller in neutral zone.
14:51 of 1st period - Shot by Mason Marchment.
14:51 of 1st period - Stopped by James Reimer with a rebound.
14:54 of 1st period - Icing by Jordie Benn.
14:55 of 1st period - Lars Eller wins face-off versus Yakov Trenin in OKANAGAN RATTLESNAKES zone.
15:25 of 1st period - Lars Eller is hit by Andrej Sustr and loses puck.
16:08 of 1st period - Shot by T.J. Oshie.
16:08 of 1st period - Stopped by Samuel Ersson without a rebound.
16:09 of 1st period - Casey Cizikas wins face-off versus Filip Forsberg in CALGARY FIREMEN zone.
16:14 of 1st period - Shot by Stefan Noesen.
16:14 of 1st period - Deflect By Casey Cizikas.
16:14 of 1st period - Goal by Casey Cizikas - CALGARY FIREMEN : 1 - OKANAGAN RATTLESNAKES : 3.
16:15 of 1st period - Casey Cizikas wins face-off versus Filip Forsberg in neutral zone.
16:18 of 1st period - Jamie Oleksiak is hit by Casey Cizikas and loses puck.
16:43 of 1st period - Icing by Jakob Silfverberg.
16:44 of 1st period - Jujhar Khaira wins face-off versus Filip Forsberg in CALGARY FIREMEN zone.
16:45 of 1st period - Shot by Anders Lee.
16:45 of 1st period - Shot Misses the Net.
16:47 of 1st period - Shot by Anders Lee.
16:47 of 1st period - Shot Blocked by Jamie Oleksiak.
16:49 of 1st period - Shot by Esa Lindell.
16:49 of 1st period - Stopped by Samuel Ersson with a rebound.
17:20 of 1st period - Mason Marchment is hit by Esa Lindell and loses puck.
17:24 of 1st period - Icing by Colton Parayko.
17:25 of 1st period - Jujhar Khaira wins face-off versus Ryan Johansen in OKANAGAN RATTLESNAKES zone.
17:56 of 1st period - Mason Marchment is hit by Jeremy Lauzon and loses puck.
18:09 of 1st period - Shot by Lars Eller.
18:09 of 1st period - Stopped by Samuel Ersson with a rebound.
18:17 of 1st period - Lars Eller is hit by Mason Marchment and loses puck.
19:17 of 1st period - Icing by Filip Forsberg.
19:18 of 1st period - Jujhar Khaira wins face-off versus Filip Forsberg in CALGARY FIREMEN zone.
19:36 of 1st period - Off-side.
19:37 of 1st period - Lars Eller wins face-off versus Yakov Trenin in neutral zone.
19:41 of 1st period - Lars Eller is hit by Jamie Oleksiak.
19:43 of 1st period - Shot by Mike Hoffman.
19:43 of 1st period - Deflect By Lars Eller.
19:43 of 1st period - Stopped by Samuel Ersson without a rebound.
19:44 of 1st period - Lars Eller wins face-off versus Yakov Trenin in CALGARY FIREMEN zone.
Goals for this period are 1 for CALGARY FIREMEN vs 3 for OKANAGAN RATTLESNAKES.
Shots for this period are 8 for CALGARY FIREMEN vs 12 for OKANAGAN RATTLESNAKES.

2nd period


0:01 of 2nd period - T.J. Oshie wins face-off versus Filip Forsberg in neutral zone.
0:16 of 2nd period - Shot by T.J. Oshie.
0:16 of 2nd period - Shot Misses the Net.
0:18 of 2nd period - Shot by Jujhar Khaira.
0:18 of 2nd period - Stopped by Samuel Ersson without a rebound.
0:19 of 2nd period - Lars Eller wins face-off versus Ryan Johansen in CALGARY FIREMEN zone.
0:50 of 2nd period - Shot by Ryan Johansen.
0:50 of 2nd period - Stopped by James Reimer without a rebound.
0:51 of 2nd period - Filip Forsberg wins face-off versus Jujhar Khaira in OKANAGAN RATTLESNAKES zone.
0:51 of 2nd period - Jakob Silfverberg is hit by Esa Lindell and loses puck.
1:00 of 2nd period - Shot by Mattias Janmark-Nylen.
1:00 of 2nd period - Stopped by James Reimer with a rebound.
1:17 of 2nd period - Shot by Anders Lee.
1:17 of 2nd period - Deflect By T.J. Oshie.
1:17 of 2nd period - Goal by T.J. Oshie - CALGARY FIREMEN : 1 - OKANAGAN RATTLESNAKES : 4.
1:17 of 2nd period - Kevin Poulin enters game.
1:18 of 2nd period - Casey Cizikas wins face-off versus Yakov Trenin in neutral zone.
1:49 of 2nd period - Shot by Stefan Noesen.
1:49 of 2nd period - Stopped by Kevin Poulin with a rebound.
1:51 of 2nd period - Shot by Casey Cizikas.
1:51 of 2nd period - Stopped by Kevin Poulin with a rebound.
1:53 of 2nd period - Shot by Kevin Labanc.
1:53 of 2nd period - Shot Blocked by Yakov Trenin.
3:14 of 2nd period - Lars Eller is hit by Nikita Zadorov.
3:19 of 2nd period - Icing by Nikita Zadorov.
3:20 of 2nd period - Ryan Johansen wins face-off versus Oskar Sundqvist in CALGARY FIREMEN zone.
3:20 of 2nd period - Ryan Johansen is hit by Pierre-Edouard Bellemare.
3:28 of 2nd period - Shot by Oskar Lindblom.
3:28 of 2nd period - Stopped by James Reimer without a rebound.
3:29 of 2nd period - Casey Cizikas wins face-off versus Brett Howden in OKANAGAN RATTLESNAKES zone.
3:39 of 2nd period - Casey Cizikas is hit by Brett Howden and loses puck.
4:42 of 2nd period - Shot by Ryan Johansen.
4:42 of 2nd period - Shot Misses the Net.
5:24 of 2nd period - Icing by Colton Parayko.
5:25 of 2nd period - Jujhar Khaira wins face-off versus Filip Forsberg in OKANAGAN RATTLESNAKES zone.
5:56 of 2nd period - Icing by Lars Eller.
5:57 of 2nd period - Sonny Milano wins face-off versus Lars Eller in OKANAGAN RATTLESNAKES zone.
6:00 of 2nd period - Shot by Yakov Trenin.
6:00 of 2nd period - Shot Misses the Net.
6:48 of 2nd period - Shot by Kevin Labanc.
6:48 of 2nd period - Shot Misses the Net.
6:49 of 2nd period - Minor Penalty to Andrej Sustr for Slashing.
6:50 of 2nd period - Jujhar Khaira wins face-off versus Filip Forsberg in CALGARY FIREMEN zone.
7:42 of 2nd period - Shot by Jakob Silfverberg.
7:42 of 2nd period - Shot Misses the Net.
8:34 of 2nd period - Icing by T.J. Oshie.
8:35 of 2nd period - Jakob Silfverberg wins face-off versus Casey Cizikas in OKANAGAN RATTLESNAKES zone.
8:54 of 2nd period - Shot by Nazem Kadri.
8:54 of 2nd period - Stopped by Kevin Poulin without a rebound.
8:55 of 2nd period - Yakov Trenin wins face-off versus Oskar Sundqvist in CALGARY FIREMEN zone.
9:14 of 2nd period - Shot by Yakov Trenin.
9:14 of 2nd period - Shot Misses the Net.
9:16 of 2nd period - Shot by Colton White.
9:16 of 2nd period - Stopped by James Reimer without a rebound.
9:17 of 2nd period - Casey Cizikas wins face-off versus Filip Forsberg in OKANAGAN RATTLESNAKES zone.
9:37 of 2nd period - Shot by Kevin Labanc.
9:37 of 2nd period - Stopped by Kevin Poulin with a rebound.
9:39 of 2nd period - Shot by Kevin Labanc.
9:39 of 2nd period - Shot Misses the Net.
10:17 of 2nd period - Shot by Mason Marchment.
10:17 of 2nd period - Deflect By Ryan Johansen.
10:17 of 2nd period - Goal by Ryan Johansen - CALGARY FIREMEN : 2 - OKANAGAN RATTLESNAKES : 4.
10:18 of 2nd period - Jujhar Khaira wins face-off versus Oskar Lindblom in neutral zone.
11:01 of 2nd period - Shot by T.J. Oshie.
11:01 of 2nd period - Shot Misses the Net.
11:23 of 2nd period - Shot by Lars Eller.
11:23 of 2nd period - Deflect By Mike Hoffman.
11:23 of 2nd period - Stopped by Kevin Poulin without a rebound.
11:24 of 2nd period - Casey Cizikas wins face-off versus Filip Forsberg in CALGARY FIREMEN zone.
11:31 of 2nd period - Shot by Stefan Noesen.
11:31 of 2nd period - Shot Blocked by Jamie Oleksiak.
12:17 of 2nd period - Kevin Labanc is hit by Andrej Sustr and loses puck.
14:08 of 2nd period - Icing by Filip Forsberg.
14:09 of 2nd period - Brett Howden wins face-off versus Oskar Sundqvist in CALGARY FIREMEN zone.
14:09 of 2nd period - Brett Howden is hit by Nazem Kadri.
14:10 of 2nd period - Minor Penalty to Oskar Sundqvist for Holding.
14:11 of 2nd period - Ryan Johansen wins face-off versus Casey Cizikas in OKANAGAN RATTLESNAKES zone.
14:14 of 2nd period - Shot by Ryan Johansen.
14:14 of 2nd period - Stopped by James Reimer without a rebound.
14:15 of 2nd period - Ryan Johansen wins face-off versus Casey Cizikas in OKANAGAN RATTLESNAKES zone.
15:06 of 2nd period - Shot by Lars Eller.
15:06 of 2nd period - Deflect By Anders Lee.
15:06 of 2nd period - Shot Misses the Net.
16:23 of 2nd period - Shot by Sonny Milano.
16:23 of 2nd period - Stopped by James Reimer without a rebound.
16:24 of 2nd period - Lars Eller wins face-off versus Yakov Trenin in OKANAGAN RATTLESNAKES zone.
16:41 of 2nd period - Shot by Michael McCarron.
16:41 of 2nd period - Shot Misses the Net.
16:46 of 2nd period - Michael McCarron is hit by Arber Xhekaj and loses puck.
16:51 of 2nd period - Shot by Sonny Milano.
16:51 of 2nd period - Stopped by James Reimer with a rebound.
16:53 of 2nd period - Shot by Colton White.
16:53 of 2nd period - Shot Misses the Net.
17:02 of 2nd period - Blake Coleman is hit by Jordan Oesterle and loses puck.
17:24 of 2nd period - Shot by Brett Howden.
17:24 of 2nd period - Shot Misses the Net.
18:14 of 2nd period - Shot by T.J. Oshie.
18:14 of 2nd period - Shot Misses the Net.
18:24 of 2nd period - Shot by Anders Lee.
18:24 of 2nd period - Shot Misses the Net.
18:32 of 2nd period - Shot by Anders Lee.
18:32 of 2nd period - Deflect By T.J. Oshie.
18:32 of 2nd period - Shot Misses the Net.
18:34 of 2nd period - Shot by Anders Lee.
18:34 of 2nd period - Goal by Anders Lee - CALGARY FIREMEN : 2 - OKANAGAN RATTLESNAKES : 5.
18:35 of 2nd period - Casey Cizikas wins face-off versus Ryan Johansen in neutral zone.
18:51 of 2nd period - Jake McCabe is hit by Casey Cizikas and loses puck.
18:58 of 2nd period - Shot by Kevin Labanc.
18:58 of 2nd period - Stopped by Kevin Poulin without a rebound.
18:59 of 2nd period - Lars Eller wins face-off versus Yakov Trenin in CALGARY FIREMEN zone.
19:00 of 2nd period - Shot by Mike Hoffman.
19:00 of 2nd period - Stopped by Kevin Poulin without a rebound.
19:01 of 2nd period - Lars Eller wins face-off versus Yakov Trenin in CALGARY FIREMEN zone.
Goals for this period are 1 for CALGARY FIREMEN vs 2 for OKANAGAN RATTLESNAKES.
Shots for this period are 8 for CALGARY FIREMEN vs 10 for OKANAGAN RATTLESNAKES.

3rd period


0:01 of 3rd period - Jujhar Khaira wins face-off versus Filip Forsberg in neutral zone.
0:10 of 3rd period - Shot by T.J. Oshie.
0:10 of 3rd period - Stopped by Kevin Poulin with a rebound.
0:19 of 3rd period - Mattias Janmark-Nylen is hit by Colton Parayko and loses puck.
1:11 of 3rd period - Shot by Ryan Johansen.
1:11 of 3rd period - Stopped by James Reimer without a rebound.
1:12 of 3rd period - Lars Eller wins face-off versus Yakov Trenin in OKANAGAN RATTLESNAKES zone.
1:30 of 3rd period - Shot by Mike Hoffman.
1:30 of 3rd period - Shot Blocked by Colton White.
2:09 of 3rd period - Shot by Mason Marchment.
2:09 of 3rd period - Stopped by James Reimer without a rebound.
2:10 of 3rd period - Casey Cizikas wins face-off versus Filip Forsberg in OKANAGAN RATTLESNAKES zone.
2:23 of 3rd period - Shot by Filip Forsberg.
2:23 of 3rd period - Stopped by James Reimer without a rebound.
2:24 of 3rd period - Ryan Johansen wins face-off versus Oskar Sundqvist in OKANAGAN RATTLESNAKES zone.
2:32 of 3rd period - Icing by Nazem Kadri.
2:33 of 3rd period - Filip Forsberg wins face-off versus Oskar Sundqvist in OKANAGAN RATTLESNAKES zone.
2:57 of 3rd period - Shot by Filip Forsberg.
2:57 of 3rd period - Stopped by James Reimer without a rebound.
2:58 of 3rd period - Ryan Johansen wins face-off versus Jujhar Khaira in OKANAGAN RATTLESNAKES zone.
3:09 of 3rd period - Shot by Ryan Johansen.
3:09 of 3rd period - Stopped by James Reimer without a rebound.
3:10 of 3rd period - Mike Hoffman wins face-off versus Filip Forsberg in OKANAGAN RATTLESNAKES zone.
3:18 of 3rd period - Jakob Silfverberg is hit by Jeremy Lauzon and loses puck.
3:32 of 3rd period - Mattias Janmark-Nylen is hit by Josh Manson and loses puck.
3:49 of 3rd period - Filip Forsberg is hit by Jeremy Lauzon and loses puck.
3:53 of 3rd period - Mattias Janmark-Nylen is hit by Josh Manson and loses puck.
4:36 of 3rd period - Shot by Ryan Johansen.
4:36 of 3rd period - Shot Misses the Net.
4:44 of 3rd period - Shot by T.J. Oshie.
4:44 of 3rd period - Stopped by Kevin Poulin without a rebound.
4:45 of 3rd period - Yakov Trenin wins face-off versus Casey Cizikas in CALGARY FIREMEN zone.
4:56 of 3rd period - Shot by Michael McCarron.
4:56 of 3rd period - Shot Misses the Net.
4:58 of 3rd period - Shot by Michael McCarron.
4:58 of 3rd period - Shot Misses the Net.
5:02 of 3rd period - Shot by Sonny Milano.
5:02 of 3rd period - Goal by Sonny Milano - CALGARY FIREMEN : 3 - OKANAGAN RATTLESNAKES : 5.
5:03 of 3rd period - Jujhar Khaira wins face-off versus Brett Howden in neutral zone.
5:25 of 3rd period - Minor Penalty to Brett Howden for Hooking.
5:26 of 3rd period - Jujhar Khaira wins face-off versus Filip Forsberg in CALGARY FIREMEN zone.
5:29 of 3rd period - Shot by Anders Lee.
5:29 of 3rd period - Goal by Anders Lee - CALGARY FIREMEN : 3 - OKANAGAN RATTLESNAKES : 6.
5:30 of 3rd period - Ryan Johansen wins face-off versus Casey Cizikas in neutral zone.
5:33 of 3rd period - Shot by Mason Marchment.
5:33 of 3rd period - Stopped by James Reimer without a rebound.
5:34 of 3rd period - Filip Forsberg wins face-off versus Jujhar Khaira in OKANAGAN RATTLESNAKES zone.
5:50 of 3rd period - Filip Forsberg is hit by Colton Parayko and loses puck.
5:54 of 3rd period - Mattias Janmark-Nylen is hit by Colton Parayko and loses puck.
6:09 of 3rd period - Shot by Jakob Silfverberg.
6:09 of 3rd period - Shot Misses the Net.
6:11 of 3rd period - Shot by Jakob Silfverberg.
6:11 of 3rd period - Shot Misses the Net.
6:12 of 3rd period - Minor Penalty to Esa Lindell for Tripping.
6:13 of 3rd period - Ryan Johansen wins face-off versus Casey Cizikas in OKANAGAN RATTLESNAKES zone.
7:09 of 3rd period - Shot by Filip Forsberg.
7:09 of 3rd period - Stopped by James Reimer without a rebound.
7:10 of 3rd period - Filip Forsberg wins face-off versus Casey Cizikas in OKANAGAN RATTLESNAKES zone.
8:02 of 3rd period - Shot by Nikita Zadorov.
8:02 of 3rd period - Stopped by James Reimer without a rebound.
8:03 of 3rd period - Mason Marchment wins face-off versus Anders Lee in OKANAGAN RATTLESNAKES zone.
8:44 of 3rd period - Shot by Yakov Trenin.
8:44 of 3rd period - Stopped by James Reimer with a rebound.
9:04 of 3rd period - Shot by Fabian Zetterlund.
9:04 of 3rd period - Shot Misses the Net.
9:06 of 3rd period - Shot by Brett Howden.
9:06 of 3rd period - Stopped by James Reimer with a rebound.
9:08 of 3rd period - Shot by Jamie Oleksiak.
9:08 of 3rd period - Stopped by James Reimer without a rebound.
9:09 of 3rd period - Jujhar Khaira wins face-off versus Filip Forsberg in OKANAGAN RATTLESNAKES zone.
9:25 of 3rd period - Jakob Silfverberg is hit by Jeremy Lauzon.
9:33 of 3rd period - Shot by Jakob Silfverberg.
9:33 of 3rd period - Deflect By Filip Forsberg.
9:33 of 3rd period - Stopped by James Reimer without a rebound.
9:34 of 3rd period - Ryan Johansen wins face-off versus Casey Cizikas in OKANAGAN RATTLESNAKES zone.
10:03 of 3rd period - Shot by Stefan Noesen.
10:03 of 3rd period - Stopped by Kevin Poulin without a rebound.
10:04 of 3rd period - Jujhar Khaira wins face-off versus Filip Forsberg in CALGARY FIREMEN zone.
10:31 of 3rd period - Shot by Filip Forsberg.
10:31 of 3rd period - Shot Blocked by Jeremy Lauzon.
10:33 of 3rd period - Shot by Jakob Silfverberg.
10:33 of 3rd period - Shot Misses the Net.
10:35 of 3rd period - Shot by Mattias Janmark-Nylen.
10:35 of 3rd period - Shot Blocked by Jeremy Lauzon.
10:37 of 3rd period - Shot by Mattias Janmark-Nylen.
10:37 of 3rd period - Stopped by James Reimer without a rebound.
10:38 of 3rd period - Lars Eller wins face-off versus Michael McCarron in OKANAGAN RATTLESNAKES zone.
11:04 of 3rd period - Shot by Mike Hoffman.
11:04 of 3rd period - Stopped by Kevin Poulin without a rebound.
11:05 of 3rd period - Ryan Johansen wins face-off versus Casey Cizikas in CALGARY FIREMEN zone.
11:19 of 3rd period - Ryan Johansen is hit by Arber Xhekaj and loses puck.
11:40 of 3rd period - Shot by Casey Cizikas.
11:40 of 3rd period - Shot Misses the Net.
12:13 of 3rd period - Off-side.
12:14 of 3rd period - Jujhar Khaira wins face-off versus Yakov Trenin in neutral zone.
12:38 of 3rd period - Anders Lee is hit by Nikita Zadorov and loses puck.
12:41 of 3rd period - Shot by Jujhar Khaira.
12:41 of 3rd period - Stopped by Kevin Poulin without a rebound.
12:42 of 3rd period - Lars Eller wins face-off versus Filip Forsberg in CALGARY FIREMEN zone.
12:46 of 3rd period - Blake Coleman is hit by Jamie Oleksiak and loses puck.
12:54 of 3rd period - Lars Eller is hit by Jake McCabe and loses puck.
13:15 of 3rd period - Shot by Jakob Silfverberg.
13:15 of 3rd period - Shot Misses the Net.
13:42 of 3rd period - Minor Penalty to Blake Coleman for Interference.
13:43 of 3rd period - Casey Cizikas wins face-off versus Oskar Lindblom in OKANAGAN RATTLESNAKES zone.
13:43 of 3rd period - Casey Cizikas is hit by Oskar Lindblom.
15:27 of 3rd period - Shot by Mason Marchment.
15:27 of 3rd period - Shot Blocked by Josh Manson.
15:41 of 3rd period - Shot by Filip Forsberg.
15:41 of 3rd period - Stopped by James Reimer without a rebound.
15:42 of 3rd period - Pierre-Edouard Bellemare wins face-off versus Yakov Trenin in OKANAGAN RATTLESNAKES zone.
15:42 of 3rd period - Pierre-Edouard Bellemare is hit by Michael McCarron.
15:54 of 3rd period - Icing by Sonny Milano.
15:55 of 3rd period - Oskar Sundqvist wins face-off versus Yakov Trenin in CALGARY FIREMEN zone.
16:14 of 3rd period - Sonny Milano is hit by Jordie Benn and loses puck.
16:43 of 3rd period - Shot by Filip Forsberg.
16:43 of 3rd period - Shot Blocked by Arber Xhekaj.
17:31 of 3rd period - Icing by Nikita Zadorov.
17:32 of 3rd period - Jujhar Khaira wins face-off versus Ryan Johansen in CALGARY FIREMEN zone.
17:48 of 3rd period - Shot by Mason Marchment.
17:48 of 3rd period - Stopped by James Reimer without a rebound.
17:49 of 3rd period - Lars Eller wins face-off versus Yakov Trenin in OKANAGAN RATTLESNAKES zone.
17:54 of 3rd period - Shot by Mike Hoffman.
17:54 of 3rd period - Stopped by Kevin Poulin without a rebound.
17:55 of 3rd period - Jujhar Khaira wins face-off versus Filip Forsberg in CALGARY FIREMEN zone.
17:57 of 3rd period - Anders Lee is hit by Andrej Sustr and loses puck.
18:04 of 3rd period - Shot by T.J. Oshie.
18:04 of 3rd period - Shot Misses the Net.
18:15 of 3rd period - Icing by Mattias Janmark-Nylen.
18:16 of 3rd period - Filip Forsberg wins face-off versus Lars Eller in CALGARY FIREMEN zone.
18:16 of 3rd period - Filip Forsberg is hit by Lars Eller.
18:30 of 3rd period - Shot by Blake Coleman.
18:30 of 3rd period - Shot Misses the Net.
18:32 of 3rd period - Shot by Jeremy Lauzon.
18:32 of 3rd period - Shot Misses the Net.
18:44 of 3rd period - Shot by Mike Hoffman.
18:44 of 3rd period - Shot Misses the Net.
18:49 of 3rd period - Mike Hoffman is hit by Andrej Sustr and loses puck.
19:15 of 3rd period - Icing by Esa Lindell.
19:16 of 3rd period - Jujhar Khaira wins face-off versus Ryan Johansen in OKANAGAN RATTLESNAKES zone.
19:24 of 3rd period - Icing by Jamie Oleksiak.
19:25 of 3rd period - Ryan Johansen wins face-off versus Jujhar Khaira in CALGARY FIREMEN zone.
Goals for this period are 1 for CALGARY FIREMEN vs 1 for OKANAGAN RATTLESNAKES.
Shots for this period are 16 for CALGARY FIREMEN vs 7 for OKANAGAN RATTLESNAKES.


BLAKE
WHEELER
STEVEN
STAMKOS
DREW
DOUGHTY

EAST COAST

HOCKEY LEAGUE

  • 63.RHI2PIT5
  • 64.WOR4ATL3
  • 65.QUECHW
  • 66.CHATRV